 Dungeon Crawl Stone Soup version 0.24.0-35-gdb84b6a5db (webtiles) character file.

Game seed: 16735702430431648210, levelgen mode: deterministic

2145 Flugslaktarn the Cleaver (level 9, -2/81 HPs)
             Began as a Deep Dwarf Fighter on Nov 17, 2019.
             Was a Follower of Makhleb.
             Slain by an orc warrior
             ... wielding a +0 dire flail
              (11 damage)
             ... on level 6 of the Dungeon.
             The game lasted 00:03:09 (3520 turns).

Flugslaktarn the Cleaver (Deep Dwarf Fighter)       Turns: 3520, Time: 00:03:10

Health: -2/81      AC: 14    Str: 24    XL:     9   Next: 9%
Magic:  7/7        EV:  8    Int:  8    God:    Makhleb [*.....]
Gold:   161        SH: 11    Dex: 12    Spells: 8/8 levels left

rFire    . . .     SeeInvis .   a - +0 war axe
rCold    . . .     Gourm    .   c - +0 shield
rNeg     . . .     Faith    .   b - +0 scale mail
rPois    .         Spirit   .   f - +0 helmet
rElec    .         Reflect  .   (no cloak)
rCorr    .         Harm     .   (no gloves)
MR       +....                  n - +1 pair of boots
Stlth    ..........             (no amulet)
HPRegen  0.00/turn              h - ring of flight
MPRegen  0.10/turn              p - +3 ring of protection

@: lethally poisoned (-2 -> -2), non-regenerating
A: damage resistance, heal wounds, sense surroundings 2, no regeneration
a: Heal Wounds, Renounce Religion, Evoke Flight


You were on level 6 of the Dungeon.
You worshipped Makhleb.
Makhleb was aware of your devotion.
You were not hungry.

You visited 2 branches of the dungeon, and saw 7 of its levels.

You collected 161 gold pieces.

Inventory:

Hand Weapons
 a - a +0 war axe (weapon)
Armour
 b - a +0 scale mail (worn)
 c - a +0 shield (worn)
 f - a +0 helmet (worn)
   (You found it on level 3 of the Dungeon)
 n - a +1 pair of boots (worn)
   (You found it on level 3 of the Dungeon)
Jewellery
 h - a ring of flight (left hand)
   (You found it on level 1 of the Dungeon)
 p - a +3 ring of protection (right hand)
   (You found it on level 2 of the Dungeon)
Wands
 x - a wand of iceblast (8)
   (You took it off Pikel on level 6 of the Dungeon)
Scrolls
 g - a scroll of fear
 i - a scroll of enchant weapon
 j - a scroll of vulnerability {unknown}
 m - a scroll of immolation
 q - a scroll of magic mapping
 r - a scroll of identify
 t - a scroll of teleportation
 v - a scroll of amnesia {unknown}
 w - 2 scrolls of remove curse
 z - 2 scrolls of blinking
Potions
 d - a potion of might
 k - 2 potions of ambrosia
 l - a potion of brilliance
 o - a potion of lignification
 s - a potion of curing {unknown}
Comestibles
 e - 16 rations


   Skills:
 + Level 5.3 Fighting
 * Level 8.2 Axes
 + Level 6.3 Armour
 + Level 6.5 Shields
 + Level 4.9 Invocations


You had 8 spell levels left.
You didn't know any spells.
Your spell library was empty.

Dungeon Overview and Level Annotations

Branches:
Dungeon (6/15)             Temple (1/1) D:5

Altars:
Ashenzari
Dithmenos
Fedhas
Gozag
Makhleb
Nemelex Xobeh
Okawaru
Qazlal
Ru
Trog
Wu Jian
Zin

Annotations:
D:4 2 transporters, FessEmpty's ghost, amateur MiAK


Innate Abilities, Weirdness & Mutations

You are resistant to damage.
You can heal yourself by infusing magical energy.
You passively map the area around you.
You do not regenerate.


Message History

You block the orc warrior's attack.
You hit the orc warrior.
The orc warrior is almost dead.
The orc warrior barely misses you.
You closely miss the orc warrior.
The orc warrior is almost dead.
The orc warrior barely misses you.
You barely miss the orc warrior.
The orc warrior is almost dead.
The orc warrior hits you with a +0 dire flail.
You closely miss the orc warrior.
The orc warrior is almost dead.
The orc warrior hits you with a +0 dire flail!
* * * LOW HITPOINT WARNING * * *
The orc warrior hits you with a +0 dire flail!
* * * LOW HITPOINT WARNING * * *
You barely miss the orc warrior.
The orc warrior is almost dead.
The orc warrior hits you with a +0 dire flail!
You die...

### ##..#
#..#### *
#.....###
#.###.(.# *
#.# ###(#
#.#
###(##### *
#.#
#..^(...# *
*#.#
#....(..#
,** ..
#....@..# ,,
, ,
#.....o.# *
**
,..........#
, ,*
*###.......#
, , ,
#.......# *
* #.......#
,* ,
#.......# ,
* #.......#
** * *


You could see an orc warrior.

Vanquished Creatures
  Pikel (D:6)
  Sigmund (D:6)
  A hungry ghost (D:6)
  A sky beast (D:5)
  A black bear (D:6)
  A slave (D:6)
  2 ogres
  Blork the orc (D:6)
  3 bullfrogs (D:6)
  A gnoll sergeant (D:6)
  A scorpion (D:4)
  A water moccasin skeleton (D:5)
  A howler monkey (D:5)
  2 crimson imps
  A hound (D:6)
  An orc priest (D:5)
  A gnoll shaman (D:6)
  A jelly (D:6)
  2 bullfrog skeletons
  3 worker ants
  12 gnolls
  3 adders
  3 oozes
  An adder zombie (D:5)
  4 worms
  4 dart slugs
  3 leopard geckos
  10 orcs
  8 bats
  9 giant cockroaches
  2 goblins
  9 hobgoblins
  6 jackals
  A quokka (D:2)
  4 frilled lizards
  A jackal skeleton (D:6)
  6 kobolds
  2 quokka skeletons
  8 rats
123 creatures vanquished.

Vanquished Creatures (others)
  An orc wizard (D:5)
1 creature vanquished.

Grand Total: 124 creatures vanquished

Notes
Turn   | Place    | Note
-------+----------+-------------------------------------------
     0 | D:1      | Flugslaktarn the Deep Dwarf Fighter began the quest for the
                  | Orb.
     0 | D:1      | Reached XP level 1. HP: 20/20 MP: 1/1
     1 | D:1      | Found a runed translucent door.
    27 | D:1      | Reached XP level 2. HP: 25/27 MP: 2/2
   150 | D:1      | Reached skill level 3 in Axes
   174 | D:1      | Reached XP level 3. HP: 28/33 MP: 3/3
   748 | D:3      | Reached XP level 4. HP: 42/42 MP: 4/4
  1186 | D:3      | Found a shattered altar of Ashenzari.
  1322 | D:3      | Reached XP level 5. HP: 29/49 MP: 5/5
  1330 | D:3      | Reached skill level 4 in Axes
  1442 | D:4      | Found a transporter.
  1446 | D:4      | Found a transporter.
  1509 | D:4      | Noticed FessEmpty's ghost (amateur MiAK)
  1510 | D:4      | Identified the cursed +0 dire flail of Sigudui {speed,
                  | SInv}
  1510 | D:4      | Noticed an ogre
  1514 | D:4      | Noticed an ogre
  1624 | D:4      | Noticed an ogre
  1636 | D:4      | Killed an ogre
  1912 | D:4      | Reached XP level 6. HP: 44/57 MP: 6/6
  2002 | D:5      | Entered Level 5 of the Dungeon
  2006 | D:5      | Found Noref's Food Shoppe.
  2092 | D:5      | Found an opulent altar of Gozag.
  2234 | D:5      | Reached skill level 5 in Axes
  2440 | D:5      | Found a staircase to the Ecumenical Temple.
  2682 | Temple   | Entered the Ecumenical Temple
  2815 | Temple   | Became a worshipper of Makhleb the Destroyer
  2900 | D:5      | Noticed a sky beast
  2929 | D:5      | Killed a sky beast
  2929 | D:5      | Reached XP level 7. HP: 58/64 MP: 5/5
  2988 | D:5      | Reached skill level 5 in Shields
  2988 | D:5      | Reached skill level 1 in Invocations
  3016 | D:6      | Noticed Blork the orc
  3024 | D:6      | Reached skill level 5 in Armour
  3036 | D:6      | Reached skill level 6 in Axes
  3044 | D:6      | Killed Blork the orc
  3128 | D:6      | Reached XP level 8. HP: 52/73 MP: 5/7
  3263 | D:6      | Noticed Sigmund
  3273 | D:6      | Reached skill level 7 in Axes
  3286 | D:6      | Killed Sigmund
  3370 | D:6      | Reached skill level 5 in Fighting
  3444 | D:6      | Noticed Pikel
  3465 | D:6      | Killed Pikel
  3465 | D:6      | Reached skill level 8 in Axes
  3465 | D:6      | Gained mutation: You passively map the area around you.
                  | [Deep Dwarf growth]
  3465 | D:6      | Reached XP level 9. HP: 52/81 MP: 9/9
  3484 | D:6      | Reached * piety under Makhleb
  3520 | D:6      | Slain by an orc warrior

Levels and vault maps discovered:
D:1:      dpeg_arrival_caged_fury, layout_basic, grunt_decor_mini_mirrors,
          grunt_decor_one_mirror
D:2:      layout_basic, elyvilon_altar_3, corner_web_ring, uniq_robin
D:3:      layout_loops_corners, ashenzari_conservatory_becter
D:4:      layout_loops_ring, gammafunk_ghost_smash, first_ration
D:5:      layout_loops_ring, nicolae_gozag_cash_rules_everything_around_me,
          minmay_temple_entry_junction, serial_shops, shop, chequers_jeans
D:6:      black_bear_nest_2, layout_rooms, uniq_sigmund, uniq_blork_the_orc,
          uniq_pikel
Temple:   chequers_temple_sunken

Skill      XL: |  1  2  3  4  5  6  7  8 |
---------------+-------------------------+-----
Axes           | 3 4 5 6 8 |  8.2
Fighting       | 3 4 5 |  5.3
Shields        | 4 5 6 |  6.5
Armour         | 4 5 6 |  6.3
Invocations    | 2 4 |  4.9

Action                   |  1- 3 |  4- 6 |  7- 9 || total
-------------------------+-------+-------+-------++-------
Melee: War axe           |   113 |   255 |   195 ||   563
 Abil: Heal Wounds       |     1 |     9 |     9 ||    19
  Use: Potion            |       |     1 |       ||     1
       Scroll            |       |       |     9 ||     9
  Eat: Chunk             |       |     6 |     6 ||    12
       Ration            |       |       |     1 ||     1
Armor: Scale mail        |    73 |   111 |   151 ||   335
       Skin              |       |     7 |       ||     7
Dodge: Dodged            |    39 |    65 |    97 ||   201
Block: Shield            |    72 |   123 |   159 ||   354
